 Dungeon Crawl Stone Soup version 0.31-a0-40-g1d5085d191 (webtiles) character file.

Game seed: 2048440201574055042

116 lunkers the Stinger (level 5, -1/38 HPs)
             Began as a Meteoran Wanderer on May 17, 2023.
             Slain by a gnoll
             ... wielding a +0 flail
              (7 damage)
             ... on level 4 of the Dungeon.
             The game lasted 00:06:04 (2113 turns).

lunkers the Stinger (Meteoran Wanderer)             Turns: 2113, Time: 00:06:05

Health: -1/38      AC:  4    Str: 15    XL:     5   Next: 45%
Magic:  3/10       EV: 10    Int: 12    God:
Gold:   124        SH:  4    Dex: 15    Spells: 5/10 levels left

rFire   . . .        a - +0 dagger
rCold   . . .        d - +0 buckler
rNeg    . . .        c - +0 leather armour
rPois   .            m - +0 helmet
rElec   .            (no cloak)
rCorr   .            (no gloves)
SInv    .            (no boots)
Will    .....        (no amulet)
Stlth   +            (no ring)
HPRegen 0.26/turn    (no ring)
MPRegen 0.12/turn

%: no passive effects
@: glowing
A: sense surroundings 1, otherworldly, glowing, explore regen
a: no special abilities


You were on level 4 of the Dungeon.
You visited 1 branch of the dungeon, and saw 4 of its levels.

You collected 124 gold pieces.

Inventory:

Hand Weapons
 a - a +0 dagger (weapon)
Armour
 c - a +0 leather armour (worn)
 d - a +0 buckler (worn)
 m - a +0 helmet (worn)
Wands
 r - a wand of paralysis (6)
Scrolls
 e - 2 scrolls of poison {unknown}
 g - 5 scrolls of identify {unknown}
 h - a scroll of magic mapping {unknown}
 i - a scroll of immolation {unknown}
 k - a scroll of noise {unknown}
 l - a scroll of blinking {unknown}
 n - a scroll of teleportation {unknown}
 o - a scroll of torment {unknown}
Potions
 b - 2 potions of curing
 f - a potion of lignification {unknown}
 j - 3 potions of heal wounds {unknown}
 p - a potion of degeneration {unknown}
 q - a potion of might {unknown}
 s - 3 potions of resistance {unknown}
 t - a potion of mutation {unknown}


   Skills:
 - Level 2.4 Shields
 + Level 3.2 Spellcasting
 - Level 2.4 Air Magic
 * Level 6.7 Poison Magic
 - Level 1.2 Evocations


You had 5 spell levels left.
You knew the following spells:

 Your Spells              Type           Power      Damage    Failure   Level
p - Sting                 Tmut/Pois      40%        1d5       10%         1
q - Olgreb's Toxic Radia  Pois           18%        N/A       26%         4

Your spell library contained the following spells:

 Spells                   Type           Power      Damage    Failure   Level
 Shock                    Conj/Air       16%        1d4       24%         1
 Mephitic Cloud           Conj/Pois/Air  9%         N/A       34%         3
 Necrotise                Necr           4%         1d4       38%         1
 Swiftness                Air            7%         N/A       41%         3
 Inner Flame              Hex/Fire       1%         N/A       77%         3
 Vampiric Draining        Necr           1%         2d6       77%         3
 Agony                    Necr           1%         N/A       100%        5
 Yara's Violent Unravell  Hex/Tmut       0%         3d3       100%        5
 Enfeeble                 Hex            0%         N/A       100%        7


Dungeon Overview and Level Annotations

Branches:
Dungeon (4/15) Zot: 275
 Temple: D:4-7

Altars:
Qazlal

Shops:
D:1 =[=   D:2 !

Annotations:
D:3 3 runed translucent doors, frimble's ghost, amateur GnRe


Innate Abilities, Weirdness & Mutations

You passively map a small area around you.
You are easily found by Zot.
You glow in the dark.
You regain HP and MP as you explore.


Message History

Press: ? - help, Q - select action, (/) - cycle Shift-Dir - straight line, f/p - adder
Aim: an adder (moderately wounded, poisoned, 53% to hit)
The sting misses the adder.
The adder bites you. The gnoll hits you with a +0 flail.
* * * LOW HITPOINT WARNING * * *
Unknown command.
Aiming: Sting (safe; 10% risk of failure)
Press: ? - help, Q - select action, (/) - cycle Shift-Dir - straight line, f/p - adder
Aim: an adder (heavily wounded, poisoned, 53% to hit)
The sting hits the adder.
The adder looks even sicker.
The adder is severely wounded.
The adder bites you.
* * * LOW HITPOINT WARNING * * *
The adder closely misses you. The gnoll hits you with a +0 flail.
* * * LOW HITPOINT WARNING * * *
The gnoll barely misses you.
You hit the adder.
The adder is almost dead.
The adder bites you.
* * * LOW HITPOINT WARNING * * *
The gnoll misses you. The gnoll closely misses you.
Unknown command.
Aiming: Sting (safe; 10% risk of failure)
Press: ? - help, Q - select action, (/) - cycle Shift-Dir - straight line, f/p - adder
Aim: an adder (almost dead, very poisoned, 53% to hit)
The sting hits the adder.
The adder looks even sicker.
The adder is almost dead.
The adder bites you.
* * * LOW HITPOINT WARNING * * *
The gnoll hits you with a +0 flail.
* * * LOW HITPOINT WARNING * * *
The gnoll barely misses you. The adder closely misses you.
Unknown command.
Aiming: Sting (safe; 10% risk of failure)
Press: ? - help, Q - select action, (/) - cycle Shift-Dir - straight line, f/p - adder
Aim: an adder (almost dead, very poisoned, 53% to hit)
The sting hits the adder.
The adder looks as sick as possible!
You kill the adder!
The gnoll hits you with a +0 flail!
You die...

### ###
############.#
#.#
<............#
#.#######
############.#
#...gg(.# #.#
#g#####.# #.#
#g# #.# #.#
#g# #g# #.#
#@# #g#
#.###†# #.#
#.....# #g#
#.....# #.#
#.....# #.#
#.....# #.#
#.....# #.#
#.....# * *
#.....# *


You could see 3 gnolls.

Vanquished Creatures
  2 gnolls
  3 adders
  2 worms
  3 orcs (D:3)
  6 endoplasms
  4 giant cockroaches
  5 goblins (D:1)
  3 hobgoblins
  6 jackals
  5 kobolds
  A quokka (D:3)
  8 ball pythons
  8 bats
  5 frilled lizards
  6 rats
67 creatures vanquished.

Notes
Turn   | Place    | Note
-------+----------+-------------------------------------------
     0 | D:1      | lunkers the Meteoran Wanderer began the quest for the Orb.
     0 | D:1      | lunkers set off with the following items: a +0 dagger, a
                  | potion of curing, a +0 leather armour, a +0 buckler; and
                  | the following spells available to memorise: Sting, Shock,
                  | Mephitic Cloud, Swiftness, Olgreb's Toxic Radiance.
     0 | D:1      | Reached XP level 1. HP: 14/14 MP: 3/3
     2 | D:1      | Learned a level 1 spell: Sting
    20 | D:1      | Reached skill level 5 in Poison Magic
    34 | D:1      | Reached XP level 2. HP: 6/20 MP: 0/5
    61 | D:1      | Found Duesm's Jewellery Emporium.
   118 | D:1      | Found Uzxisir's Antique Armour Shop.
   183 | D:1      | Reached XP level 3. HP: 11/26 MP: 2/7
   430 | D:1      | Found Soadah's Jewellery Emporium.
   496 | D:1      | Glimpsed the power of Zot.
   590 | D:2      | Found a stormy altar of Qazlal.
   647 | D:2      | Found a faded altar of an unknown god.
   790 | D:2      | Reached XP level 4. HP: 33/33 MP: 3/8
   864 | D:2      | Learned a level 4 spell: Olgreb's Toxic Radiance
  1030 | D:2      | Found Wureudog's Distillery.
  1094 | D:2      | Glimpsed the power of Zot.
  1115 | D:3      | Reached skill level 6 in Poison Magic
  1457 | D:3      | Reached XP level 5. HP: 18/38 MP: 7/10
  1488 | D:3      | Found a runed translucent gate.
  1488 | D:3      | Found a runed translucent gate.
  1488 | D:3      | Found a runed translucent gate.
  1954 | D:3      | Noticed frimble's ghost (amateur GnRe)
  2113 | D:4      | Slain by a gnoll

Illustrated notes

Levels and vault maps discovered:
D:1:      amcnicky_arrival_single_pillar, layout_basic, serial_shops,
          nicolae_shop_window_shopping, nicolae_shop_crystal,
          nicolae_lakefront_shop, nicolae_shop_window_shopping,
          chequers_serial_rivers_micro_c
D:2:      layout_basic, basic_altar, serial_shops, nicolae_diamond_shop,
          ebering_ecumenical_altar_webs
D:3:      minmay_wonky_spiral, layout_basic, gammafunk_ghost_icy
D:4:      minmay_diamond_boxcup, layout_basic, gammafunk_ghost_nasty_kobolds

Skill      XL: |  1  2  3  4 |
---------------+-------------+-----
Poison Magic   | 5 6 |  6.7
Spellcasting   | 2 3 |  3.2
Shields        | |  2.4
Air Magic      | |  2.4
Evocations     | |  1.2

Action                     |  1- 3 |  4- 6 || total
---------------------------+-------+-------++-------
  Melee: Dagger            |    92 |   134 ||   226
   Cast: Sting             |    35 |    54 ||    89
 Armour: Leather armour    |    31 |    42 ||    73
  Dodge: Dodged            |    47 |    67 ||   114
  Block: Buckler           |    25 |    32 ||    57

Table legend: (Time is in decaauts)
 A = Elapsed time spent in this place.
 B = Non-inter-level travel time spent in this place.
 C = Inter-level travel time spent in this place.
 D = Time resting spent in this place.
 E = Time spent auto-exploring this place.
 F = Levels seen in this place.
 G = Mean time per level.
                   A        B        C        D        E       F      G
               +--------+--------+--------+--------+--------+-----+--------+
         Total |   2123 |   1980 |    143 |      0 |   1362 |   4 |  530.8 |
       Dungeon |   2123 |   1980 |    143 |      0 |   1362 |   4 |  530.8 |
               +--------+--------+--------+--------+--------+-----+--------+

Top non-repeatable levels by time:
     D:2: 819 daAuts
     D:3: 714 daAuts
     D:1: 517 daAuts
     D:4: 71 daAuts
